 Dungeon Crawl Stone Soup version 0.22-a0-612-gd2f0174 (webtiles) character file.

427 Hebeh the Magician (level 6, -6/32 HPs)
             Began as a Deep Elf Fire Elementalist on July 11, 2018.
             Shot with an arrow by a centaur (13 damage)
             ... on level 5 of the Dungeon.
             The game lasted 00:21:20 (4210 turns).

Hebeh the Magician (Deep Elf Fire Elementalist)     Turns: 4210, Time: 00:21:21

Health: -6/32      AC:  4    Str:  5    XL:     6   Next: 65%
Magic:  15/16      EV: 13    Int: 22    God:
Gold:   260        SH:  0    Dex: 15    Spells: 9/15 levels left

rFire    . . .     SeeInvis .   a - +0 short sword
rCold    . . .     Gourm    .   (no shield)
rNeg     + . .     Faith    .   e - +0 robe
rPois    .         Spirit   .   (no helmet)
rElec    .         Reflect  .   (no cloak)
rCorr    .         Harm     .   v - +1 pair of gloves
MR       .....                  (no boots)
Stlth    ++........             i - amulet of regeneration
HPRegen  0.50/turn              u - ring of positive energy
MPRegen  0.15/turn              (no ring)

@: no status effects
A: no striking features
a: no special abilities


You were on level 5 of the Dungeon.
You were not hungry.

You visited 1 branch of the dungeon, and saw 5 of its levels.

You collected 260 gold pieces.

Inventory:

Hand Weapons
 a - a +0 short sword (weapon)
 b - a +0 hunting sling
Missiles
 p - 53 sling bullets
 s - 116 stones (quivered)
 x - a throwing net
Armour
 e - a +0 robe (worn)
 v - a +1 pair of gloves (worn)
Jewellery
 i - an amulet of regeneration (around neck)
 n - an uncursed ring of resist corrosion {unknown}
 u - a ring of positive energy (left hand)
Wands
 w - a wand of scattershot (5)
 B - a wand of iceblast (5)
Scrolls
 d - 2 scrolls of teleportation
 h - a scroll of remove curse
 m - a scroll of identify
 o - a scroll of immolation
 y - a scroll of fear {unknown}
 C - a scroll of blinking
Potions
 f - a potion of flight {unknown}
 g - 2 potions of ambrosia {unknown}
 j - 3 potions of brilliance {unknown}
 k - 3 potions of heal wounds
 l - 3 potions of curing {unknown}
 q - a potion of berserk rage {unknown}
 r - a potion of degeneration {unknown}
 t - a potion of agility {unknown}
 z - 3 potions of haste {unknown}
Comestibles
 c - 5 rations
 A - 4 chunks of flesh


   Skills:
 - Level 2.4 Dodging
 - Level 2.4 Stealth
 + Level 5.3 Spellcasting
 * Level 5.3 Conjurations
 * Level 5.1 Fire Magic


You had 9 spell levels left.
You knew the following spells:

 Your Spells              Type           Power        Failure   Level  Hunger
a - Flame Tongue          Conj/Fire      ####.        1%          1    None
b - Throw Flame           Conj/Fire      ####..       1%          2    None
c - Conjure Flame         Conj/Fire      ####....     3%          3    ##.....

Your spell library contained the following spells:

 Spells                   Type           Power        Failure   Level  Hunger
 Fireball                 Conj/Fire      ####......   32%         5    #####..
 Sticky Flame             Conj/Fire      ####....     12%         4    ####...
 Inner Flame              Hex/Fire       ###.....     11%         3    ##.....


Dungeon Overview and Level Annotations

Branches:
Dungeon (5/15)
 Temple: D:4-7

Altars:


Message History

The centaur is moderately wounded.
The centaur shouts!
The centaur wields a shortbow.
The centaur shoots an arrow.
The arrow completely misses you.
The centaur shoots an arrow.
The arrow closely misses you.
The centaur shoots an arrow.
The arrow hits you!
The centaur shoots an arrow.
The arrow hits you!
You see here an arrow.
You are too injured to fight recklessly!
You are too injured to fight recklessly!
You are too injured to fight recklessly!
You are too injured to fight recklessly!
The centaur shoots an arrow.
The arrow closely misses you.
The centaur shoots an arrow.
The arrow completely misses you.
The centaur shoots an arrow.
The arrow hits you but does no damage.
You see here an arrow.
The centaur shoots an arrow.
The arrow hits you!
* * * LOW HITPOINT WARNING * * *
The centaur shoots an arrow.
The arrow hits you!
You die...

............. ..
............#..
....#+####............###
+....#.................#
#......................###
#..........c..............
#.........................
#.........#...............
##.......@(...#...#.......
#.......(.....#...#.......
+.............#...#.......
#.....(.(..<..#.. #.......
#....#...(....#####.......
#### #....##+###..........
##...##.# #..........
#...##.# #.....####.
##...##.####........#


You could see a centaur.

Vanquished Creatures
  An ogre (D:4)
  A jelly (D:5)
  Jessica (D:3)
  4 worker ants
  An iguana (D:5)
  7 adders
  An adder zombie (D:5)
  2 worms
  9 leopard geckos
  2 orcs
  2 ball pythons (D:3)
  2 giant cockroaches
  11 goblins
  3 hobgoblins
  14 jackals
  4 kobolds
  3 quokkas
  6 bats
  4 frilled lizards
  A quokka skeleton (D:3)
  9 rats
88 creatures vanquished.

Notes
Turn   | Place    | Note
-------+----------+-------------------------------------------
     0 | D:1      | Hebeh the Deep Elf Fire Elementalist began the quest for the Orb.
     0 | D:1      | Reached XP level 1. HP: 10/10 MP: 6/6
   251 | D:1      | Reached XP level 2. HP: 15/15 MP: 6/8
   666 | D:1      | Reached XP level 3. HP: 19/19 MP: 7/10
  1408 | D:2      | Reached XP level 4. HP: 24/24 MP: 8/11
  1890 | D:3      | Noticed Jessica
  1892 | D:3      | Killed Jessica
  1894 | D:3      | Reached XP level 5. HP: 28/28 MP: 9/13
  2357 | D:3      | Learned a level 2 spell: Throw Flame
  2361 | D:3      | Learned a level 3 spell: Conjure Flame
  3248 | D:4      | Noticed an ogre
  3256 | D:4      | Killed an ogre
  3256 | D:4      | Reached skill level 5 in Spellcasting
  3256 | D:4      | Reached XP level 6. HP: 32/32 MP: 7/15
  3494 | D:4      | Reached skill level 5 in Conjurations
  3697 | D:5      | Entered Level 5 of the Dungeon
  4051 | D:5      | Reached skill level 5 in Fire Magic
  4210 | D:5      | Shot with an arrow by a centaur

Vault maps used:
D:1:      mrwooster_arrival_arrow
D:3:      first_ration, uniq_jessica
D:5:      basic_altar, uniq_duvessa

Skill      XL: |  1  2  3  4  5  6 |
---------------+-------------------+-----
Conjurations   | 2 3 4 5 |  5.3
Fire Magic     | 4 5 |  5.1
Spellcasting   | 4 5 |  5.3
Dodging        | |  2.4
Stealth        | |  2.4

Action                   |  1- 3 |  4- 6 || total
-------------------------+-------+-------++-------
Melee: Short sword       |       |     9 ||     9
 Fire: Hunting sling     |    18 |    51 ||    69
 Cast: Flame Tongue      |    48 |    53 ||   101
       Throw Flame       |       |    25 ||    25
       Conjure Flame     |       |     1 ||     1
  Use: Scroll            |       |     9 ||     9
       Potion            |       |     1 ||     1
  Eat: Chunk             |     1 |     7 ||     8
       Ration            |       |     1 ||     1
Armor: Robe              |     2 |     1 ||     3
Dodge: Dodged            |     9 |    23 ||    32

Table legend:
 A = Spawn XP
 B = Non-spawn XP
 C = Spawn XP percentage of total XP
 D = Spawn monster count
 E = Non-spawn monster count
 F = Spawn count percentage of total count
 G = Total turns spent on level
                    A         B        C        D         E        F      G
               +---------+---------+-------+---------+---------+-------+---------
         Total |       0 |     611 |   0.0 |       0 |      88 |   0.0 |  4210
               +---------+---------+-------+---------+---------+-------+---------
           D:1 |       0 |      50 |   0.0 |       0 |      28 |   0.0 |  1018
           D:2 |       0 |      53 |   0.0 |       0 |      14 |   0.0 |   663
           D:3 |       0 |     117 |   0.0 |       0 |      26 |   0.0 |   726
           D:4 |       0 |     268 |   0.0 |       0 |      15 |   0.0 |  1514
           D:5 |       0 |     123 |   0.0 |       0 |       5 |   0.0 |   289
               +---------+---------+-------+---------+---------+-------+---------
